 Dungeon Crawl Stone Soup version 0.31-a0-331-geda263fcf1 (webtiles) character file.

Game seed: 9054471350292366195

393 javelincjr the Trooper (level 6, -2/49 HPs)
             Began as a Demonspawn Fighter on July 19, 2023.
             Slain by an orc
             ... wielding a +0 short sword
              (4 damage)
             ... on level 5 of the Dungeon.
             The game lasted 00:14:16 (3344 turns).

javelincjr the Trooper (Demonspawn Fighter)         Turns: 3344, Time: 00:14:17

Health: -2/49      AC:  8    Str: 15 (18) XL:     6   Next: 51%
Magic:  6/6        EV:  9    Int:  6 (9)  God:
Gold:   232        SH:  0    Dex: 12 (13) Spells: 5/5 levels left

rFire   . . .        m - +7 battleaxe of the Lumpy Seers {drain, +Blink}
rCold   . . .        (shield currently unavailable)
rNeg    . . .        b - +0 scale mail
rPois   .            (helmet restricted)
rElec   .            (no cloak)
rCorr   +            (no gloves)
SInv    .            (no boots)
Will    .....        (no amulet) Stlth
                     g - ring of resist corrosion
HPRegen 0.28/turn    (no ring)
MPRegen 0.10/turn

%: no passive effects
@: about to teleport
A: antennae 1, rugged brown scales 1, high MP 1, wild magic 1
a: Evoke Blink


You were on level 5 of the Dungeon.
You visited 1 branch of the dungeon, and saw 5 of its levels.

You collected 232 gold pieces.

Inventory:

Hand Weapons
 a - a +0 trident
 l - a +1 vampiric dagger
 m - the +7 battleaxe of the Lumpy Seers (weapon) {drain, +Blink}
   (You found it on level 3 of the Dungeon)

   +Blink:    It lets you blink.
Missiles
 h - 9 poisoned darts (quivered)
 j - 29 stones
 t - 2 silver boomerangs
 w - 2 throwing nets
Armour
 b - a +0 scale mail (worn)
 c - a +0 buckler
 q - a +0 plate armour
Jewellery
 g - a ring of resist corrosion (left hand)
Talismans
 p - a beast talisman
Scrolls
 e - 2 scrolls of fear {unknown}
 f - 3 scrolls of identify
 k - 2 scrolls of teleportation
 o - 2 scrolls of noise {unknown}
 v - a scroll of enchant weapon {unknown}
Potions
 i - 2 potions of enlightenment
 n - a potion of might
 s - a potion of curing


   Skills:
 + Level 4.3 Fighting
 * Level 2.2(3.0) Axes
 - Level 2.9(3.3) Polearms
 + Level 3.9 Armour
 + Level 4.0 Shields


You had 5 spell levels left.
You didn't know any spells.
Your spell library contained the following spells:

 Spells                   Type           Power      Damage    Failure   Level
 Shock                    Conj/Air       0%         1d3       92%         1
 Swiftness                Air            0%         N/A       100%        3
 Airstrike                Air            0%         2d(0-16)  100%        4


Dungeon Overview and Level Annotations

Branches:
Dungeon (5/15)
 Temple: D:4-7

Altars:
Xom


Innate Abilities, Weirdness & Mutations

You have a pair of small antennae on your head.
You are partially covered in rugged brown scales. (AC +1, +3% HP)
You have an increased reservoir of magic. (+10% MP)
Your spells are a little harder to cast, but a little more powerful.


Message History

Orders for allies: a - Attack new target. r - Retreat! s - Stop attacking. g - Guard the area. f - Follow me.
Anything else - Cancel.
Gang up on whom?
Press: ? - help, Dir - move target, f - orc priest
Aim: an orc priest, wielding a +0 club and wearing a +0 ring mail Attack!
The orc priest hits your hound with a +0 club.
Your hound dies!
Your hound's corpse dissolves into shadows!
Something hits your orc but does no damage.
You are too injured to fight recklessly!
Throw: 11 darts (poison)
Press: ? - help, Q - select action, (/) - cycle Shift-Dir - straight line, f - orc
Aim: an orc, wielding a +0 short sword and wearing a +0 leather armour (56% to hit)
You throw a poisoned dart. The poisoned dart hits the orc.
Throw: 10 darts (poison)
Press: ? - help, Q - select action, (/) - cycle Shift-Dir - straight line, f/p - orc
Aim: an orc, wielding a +0 short sword and wearing a +0 leather armour (ally target, 56% to hit)
You throw a poisoned dart. The poisoned dart hits the orc.
The orc is poisoned.
You barely miss the orc. The orc hits you with a +0 short sword.
* * * LOW HITPOINT WARNING * * *
Your orc hits the orc with a +0 club.
Your orc hits the orc priest with a +0 mace.
The orc closely misses you.
The orc priest hits your orc with a +0 club.
The orc priest invokes the aid of Beogh against you.
Your orc writhes in agony!
Your orc dies!
Your orc's corpse dissolves into shadows!
The orc attacks as you move away! The orc hits you but does no damage.
Your orc barely misses the orc.
The orc priest hits your orc with a +0 club.
Your orc dies!
Your orc's corpse dissolves into shadows!
The orc priest miscasts a cantrip.
As you read the scroll of teleportation, it crumbles to dust.
You feel strangely unstable. The orc hits you with a +0 short sword.
You die...

......# #.....# # ~..
.....# #. ..# #.....###+##
#. #.# #. ..... ..###.##o#
##. ... #........# ####..
#.# #.# .{..# ##.PP..
#@####.#####o.###. .~~~~PP
#.o.o(oo.o.)o.....
~~~~~~~########.#####.o####
♣.).<## #.#####<.# ♣♣~))#.#
#........# ♣PP....#
#####....# ♣♣~P~#.# #.##.#
♣~.~..## #.##.# .~~~P#.##
#.##.#


You could see an orc warrior (very drained), 2 orc priests and an orc
(poisoned).

Vanquished Creatures
  An ogre (D:4)
  A hound (D:5)
  An orc priest (D:4)
  2 orc wizards
  6 adders
  4 gnolls (D:5)
  A dart slug (D:4)
  8 orcs
  8 ball pythons
  4 bats
  9 endoplasms
  4 giant cockroaches
  6 goblins
  7 hobgoblins
  11 jackals
  4 kobolds
  2 quokkas
  3 frilled lizards
  6 rats
88 creatures vanquished.

Vanquished Creatures (collateral kills)
  An orc wizard (D:5)
1 creature vanquished.

Grand Total: 89 creatures vanquished

Notes
Turn   | Place    | Note
-------+----------+-------------------------------------------
     0 | D:1      | javelincjr the Demonspawn Fighter began the quest for the
                  | Orb.
     0 | D:1      | Reached XP level 1. HP: 18/18 MP: 1/1
   105 | D:1      | Gained mutation: You are partially covered in rugged brown
                  | scales. (AC +1, +3% HP) [demonic ancestry]
   105 | D:1      | Reached XP level 2. HP: 18/24 MP: 2/2
   808 | D:2      | Gained mutation: You have a pair of small antennae on your
                  | head. [demonic ancestry]
   808 | D:2      | Reached XP level 3. HP: 28/29 MP: 3/3
  1080 | D:2      | Reached XP level 4. HP: 36/36 MP: 4/4
  1958 | D:3      | Reached XP level 5. HP: 39/43 MP: 5/5
  1988 | D:3      | Identified the +7 battleaxe of the Lumpy Seers {drain,
                  | +Blink}
  2074 | D:3      | Gained mutation: You are dopey. (Int -2) [potion of
                  | mutation]
  2074 | D:3      | Gained mutation: Your spells are a little harder to cast,
                  | but a little more powerful. [potion of mutation]
  2075 | D:3      | Lost mutation: Your spells are a little harder to cast, but
                  | a little more powerful. [potion of mutation]
  2075 | D:3      | Lost mutation: You are dopey. (Int -2) [potion of mutation]
  2075 | D:3      | Gained mutation: Your spells are a little harder to cast,
                  | but a little more powerful. [potion of mutation]
  2075 | D:3      | Gained mutation: You have an increased reservoir of magic.
                  | (+10% MP) [potion of mutation]
  2512 | D:4      | Found a shimmering altar of Xom.
  2732 | D:4      | Noticed an ogre
  2738 | D:4      | Killed an ogre
  2739 | D:4      | Reached skill level 1 in Axes
  2884 | D:4      | Reached XP level 6. HP: 40/49 MP: 6/6
  3260 | D:5      | Entered Level 5 of the Dungeon
  3315 | D:5      | Noticed an orc warrior
  3330 | D:5      | HP: 2/49 [orc priest/divine providence (13)]
  3342 | D:5      | HP: 2/49 [orc/+0 short sword (4)]
  3344 | D:5      | Slain by an orc

Illustrated notes

Levels and vault maps discovered:
D:1:      scummos_arrival_checkerplants, layout_basic
D:2:      layout_loops_ring, minmay_hexomino_f4
D:3:      minmay_door_path, layout_basic
D:4:      layout_basic, xom_teletrap_fun
D:5:      layout_loops_ring, lemuel_round_altar, temple_green,
          chequers_ossuary_entry_cave, serial_bayou, serial_bayou_shore_a,
          serial_bayou_pond_e, serial_bayou_shore_b, serial_bayou_pond_e,
          serial_bayou_pond_a, serial_bayou_pond_c

Skill      XL: |  1  2  3  4  5  6 |
---------------+-------------------+-----
Polearms       | 2 |  2.9
Shields        | 3 4 |  4.0
Armour         | 3 |  3.9
Fighting       | 4 |  4.3
Axes           | 1 2 |  2.2

Action                     |  1- 3 |  4- 6 || total
---------------------------+-------+-------++-------
  Melee: Trident           |   121 |     1 ||   122
         Dagger            |       |   195 ||   195
         Battleaxe         |       |    36 ||    36
  Throw: Dart              |       |     4 ||     4
    Use: Potion            |       |     7 ||     7
         Scroll            |       |     4 ||     4
 Armour: Scale mail        |    37 |   105 ||   142
  Dodge: Dodged            |    40 |   123 ||   163
  Block: Buckler           |    18 |    53 ||    71
         Form:             |       |     1 ||     1
         Beast             |       |     1 ||     1

Table legend: (Time is in decaauts)
 A = Elapsed time spent in this place.
 B = Non-inter-level travel time spent in this place.
 C = Inter-level travel time spent in this place.
 D = Time resting spent in this place.
 E = Time spent auto-exploring this place.
 F = Levels seen in this place.
 G = Mean time per level.
                   A        B        C        D        E       F      G
               +--------+--------+--------+--------+--------+-----+--------+
         Total |   3397 |   3266 |    131 |    190 |   2185 |   5 |  679.4 |
       Dungeon |   3397 |   3266 |    131 |    190 |   2185 |   5 |  679.4 |
               +--------+--------+--------+--------+--------+-----+--------+

Top non-repeatable levels by time:
     D:3: 1019 daAuts
     D:2: 862 daAuts
     D:4: 772 daAuts
     D:1: 645 daAuts
     D:5: 96 daAuts
